 Dungeon Crawl Stone Soup version 0.19.1 (webtiles) character file.

288 Inchmeat the Reanimator (level 6, -3/41 HPs)
             Began as a Demonspawn Necromancer on Dec 22, 2016.
             Slain by a gnoll
             ... wielding a +0 spear
              (6 damage)
             ... on level 3 of the Dungeon.
             The game lasted 00:08:24 (2503 turns).

Inchmeat the Reanimator (Demonspawn Necromancer)    Turns: 2503, Time: 00:08:25

Health: -3/41      AC:  3    Str:  8 (9)  XL:     6   Next: 9%
Magic:  0/15       EV: 11    Int: 15 (17) God:
Gold:   111        SH:  8    Dex: 12 (14) Spells: 3 memorised, 11 levels left

rFire  . . .     SeeInvis .     d - +0 dagger
rCold  . . .     Gourm    .     a - +0 robe
rNeg   . . .     Faith    .     l - +0 buckler
rPois  +         Spirit   +     (no helmet)
rElec  .         Reflect  .     (no cloak)
rCorr  .         Harm     .     (no gloves)
MR     .....                    o - +0 pair of boots
Stlth  ++........               n - amulet of rage
                                (no ring)
                                i - ring of poison resistance

@: no status effects
A: large bone plates 1, powered by pain 1, magic shield, magic regeneration
a: Evoke Berserk Rage


You were on level 3 of the Dungeon.
You were hungry.

You visited 1 branch of the dungeon, and saw 3 of its levels.

You collected 111 gold pieces.

Inventory:

Hand Weapons
 d - a +0 dagger (weapon)
 j - a cursed -3 short sword
 t - a +3 dire flail
Armour
 a - a +0 robe (worn)
 l - a +0 buckler (worn)
 o - a +0 pair of boots (worn)
Jewellery
 i - a ring of poison resistance (left hand)
 n - an amulet of rage (around neck)
Scrolls
 p - a scroll of identify
Books
 b - a book of Necromancy

   Spells                             Type                      Level
   a - Pain                           Necromancy                   1
   b - Animate Skeleton               Necromancy                   1
   c - Vampiric Draining              Necromancy                   3
   d - Regeneration                   Charms/Necromancy            3
   e - Animate Dead                   Necromancy                   4
   f - Control Undead                 Necromancy                   4
Comestibles
 c - a bread ration
 m - a meat ration
 r - 4 chunks of flesh


   Skills:
 - Level 1.7 Dodging
 - Level 1.7 Stealth
 * Level 1.3 Shields
 + Level 6.8 Spellcasting
 * Level 1.0 Charms
 - Level 12.1 Necromancy


You had 11 spell levels left.
You knew the following spells:

 Your Spells              Type           Power        Failure   Level  Hunger
a - Pain                  Necr           ####         1%          1    None
b - Vampiric Draining     Necr           #####.....   1%          3    ##.....
c - Regeneration          Chrm/Necr      ###.......   4%          3    ##.....


Dungeon Overview and Level Annotations

Branches:
Dungeon (3/15)

Altars:

Annotations:
D:3 Sigmund


Innate Abilities, Weirdness & Mutations

You are partially covered in large bone plates. (SH +4)
You sometimes gain a little power by taking damage.
When hurt, damage is shared between your health and your magic reserves.
You regenerate magic rapidly.


Message History

As you read the scroll labeled DOAM VYHYWE, it crumbles to dust.
The scroll dissolves into smoke.
It was a scroll of fog.
Sigmund barely misses you.
You closely miss Sigmund.
Sigmund is severely wounded.
Sigmund points at you and mumbles some strange words.
The magic dart hits you!
* * * LOW HITPOINT WARNING * * *
Sigmund completely misses you.
You aren't carrying any potions.
Unknown command.
As you read the scroll labeled LARECW KOFFYAPS, it crumbles to dust.
You feel blessed for a moment.
It was a scroll of remove curse.
The gnoll closely misses you.
As you read the scroll labeled ZOASEN YVEMIYBB, it crumbles to dust.
It is a scroll of identify.
t - a +3 dire flail Sigmund barely misses you.
The gnoll hits you from afar with a spear!
You die...

######.............##.
#####.............##.
#..†.......†....).†..
#.###................
#.##########.......#.
#@##@.## g####+#....
#.#.##@# .# #..#.
#.@##§##.# ####.
####@##§# .. #§§g# .
#####


You could see Sigmund and a gnoll.

Vanquished Creatures
  A hound (D:3)
  Terence (D:1)
  4 adders
  A worm (D:2)
  3 dart slugs
  2 leopard geckos
  9 bats
  2 giant cockroaches (D:1)
  7 goblins
  3 hobgoblins (D:1)
  8 kobolds
  A quokka (D:2)
  7 frilled lizards
  5 rats
54 creatures vanquished.

Notes
Turn   | Place    | Note
-------+----------+-------------------------------------------
     0 | D:1      | Inchmeat the Demonspawn Necromancer began the quest for the Orb.
     0 | D:1      | Reached XP level 1. HP: 13/13 MP: 3/3
   385 | D:1      | Gained mutation: You sometimes gain a little power by taking damage. [demonic ancestry]
   385 | D:1      | Reached XP level 2. HP: 16/19 MP: 0/5
   399 | D:1      | Reached skill level 5 in Necromancy
  1006 | D:1      | Gained mutation: You are partially covered in large bone plates. (SH +4) [demonic ancestry]
  1006 | D:1      | Reached XP level 3. HP: 22/24 MP: 3/6
  1635 | D:2      | Noticed Terence
  1657 | D:1      | Killed Terence
  1657 | D:1      | Gained mutation: When hurt, damage is shared between your health and your magic reserves. [demonic ancestry]
  1657 | D:1      | Reached XP level 4. HP: 19/30 MP: 2/7
  1815 | D:2      | Reached skill level 6 in Necromancy
  1960 | D:2      | Reached skill level 1 in Shields
  2161 | D:3      | Learned a level 3 spell: Vampiric Draining
  2165 | D:3      | Learned a level 3 spell: Regeneration
  2391 | D:3      | Noticed a dagger
  2391 | D:3      | Noticed a hand axe
  2405 | D:3      | Noticed Sigmund
  2413 | D:3      | Gained mutation: You regenerate magic rapidly. [demonic ancestry]
  2413 | D:3      | Reached XP level 5. HP: 30/35 MP: 2/8
  2444 | D:3      | Reached skill level 1 in Charms
  2456 | D:3      | Reached skill level 12 in Necromancy
  2456 | D:3      | Reached XP level 6. HP: 16/41 MP: 2/15
  2503 | D:3      | Slain by a gnoll

Skill      XL: |  1  2  3  4  5 |
---------------+----------------+-----
Necromancy     | 5 6 12 | 12.1
Shields        | 1 |  1.3
Charms         | 1 |  1.0
Spellcasting   | 6 |  6.8
Dodging        | |  1.7
Stealth        | |  1.7

Action                   |  1- 3 |  4- 6 || total
-------------------------+-------+-------++-------
Melee: Dagger            |    24 |    13 ||    37
       Unarmed           |     1 |       ||     1
 Cast: Pain              |    59 |    40 ||    99
       Regeneration      |       |     2 ||     2
       Vampiric Draining |       |     1 ||     1
  Use: Potion            |       |     5 ||     5
       Scroll            |       |     4 ||     4
 Stab: Sleeping          |     1 |       ||     1
  Eat: Chunk             |     3 |     3 ||     6
Armor: Robe              |    21 |     1 ||    22
Dodge: Dodged            |    35 |    21 ||    56
Block: Buckler           |     6 |    11 ||    17
